 Dungeon Crawl Stone Soup version 0.32-a0-656-g3542139ebd (webtiles) character file.

Game seed: 10326163427576808289

8947 kae the Carver (level 11, -14/80 HPs)
             Began as a Coglin Gladiator on Mar 8, 2024.
             Was an Elder of Okawaru.
             Killed from afar by a gargoyle (21 damage)
             ... with a stone arrow
             ... on level 11 of the Dungeon.
             The game lasted 00:07:30 (7789 turns).

kae the Carver (Coglin Gladiator)                   Turns: 7789, Time: 00:07:31

Health: -14/80     AC: 14    Str: 16    XL:     11   Next: 38%
Magic:  12/14      EV: 12    Int:  7    God:    Okawaru [****..]
Gold:   618        SH:  0    Dex: 19    Spells: 10/10 levels left

rFire   + . .        a - +0 long sword {Caihong}
rCold   . . .        f - +0 dagger {Publia}
rNeg    . . .        l - +4 chain mail of Foolhardiness {rF+ Regen+}
rPois   .            c - +1 helmet
rElec   .            u - +0 cloak
rCorr   .            j - +1 pair of gloves
SInv    .            (no boots)
Will    .....        (amulet unavailable)
Stlth   +            (ring unavailable)
HPRegen 1.13/turn    (ring unavailable)
MPRegen 0.14/turn    (no gizmo)

%: no passive effects
@: heroic, corroded, studying Throwing, revved
A: off-hand wielding, slow wielding, warmup strikes, no jewellery
a: Invent Gizmo, Renounce Religion, Heroism, Finesse


You were on level 11 of the Dungeon.
You worshipped Okawaru.
Okawaru was greatly pleased with you.
You visited 2 branches of the dungeon, and saw 12 of its levels.

You collected 618 gold pieces.


Innate Abilities, Weirdness & Mutations

You can wield a second weapon in your off-hand.
It takes a long time for you to wield or remove held weapons.
Your first few attacks do less damage.
You cannot equip rings or amulets.


   Skills:
 + Level 5.6(10.6) Fighting
 - Level 14.0(19.0) Long Blades
 - Level 1.7(6.7) Throwing
 + Level 5.5(10.5) Armour
 + Level 3.5(8.5) Dodging
 + Level 5.2 Invocations


You had 10 spell levels left.
You didn't know any spells.
Your spell library contained the following spells:

 Spells                   Type           Power      Damage    Failure   Level
 Magic Dart               Conj           0%         1d3       98%         1
 Sandblast                Erth           0%         2d4       98%         1
 Shock                    Conj/Air       0%         1d3       98%         1
 Lesser Beckoning         Tloc           0%         N/A       99%         2
 Searing Ray              Conj           0%         2d4       99%         2
 Static Discharge         Conj/Air       0%         3-3/arc   99%         2
 Frozen Ramparts          Ice            0%         1d1       100%        3
 Gell's Gravitas          Tloc           0%         N/A       100%        3
 Passwall                 Erth           0%         N/A       100%        3
 Stone Arrow              Conj/Erth      0%         3d7       100%        3
 Swiftness                Air            0%         N/A       100%        3
 Teleport Other           Tloc           0%         N/A       100%        3
 Airstrike                Air            0%         2d(0-16)  100%        4
 Brom's Barrelling Bould  Conj/Erth      0%         2d3       100%        4
 Fulminant Prism          Conj/Alch      0%         3d5       100%        4
 Leda's Liquefaction      Alch/Erth      0%         N/A       100%        4
 Petrify                  Alch/Erth      0%         N/A       100%        4
 Metabolic Englaciation   Hex/Ice        0%         N/A       100%        5
 Lehudib's Crystal Spear  Conj/Erth      0%         10d2      100%        8
 Animate Armour           Summ/Erth      Unusable   N/A       N/A         4
 Summon Lightning Spire   Summ/Air       Unusable   N/A       N/A         4

Inventory:

Hand Weapons
 a - a +0 long sword (weapon) {Caihong}
 f - a +0 dagger (offhand) {Publia}
Missiles
 d - 4 throwing nets (quivered) {=f!f}
 e - a javelin
 p - a boomerang
 q - 11 poisoned darts
 w - 68 stones
Armour
 c - a +1 helmet (worn)
 j - a +1 pair of gloves (worn)
   (You found it on level 1 of the Dungeon)
 l - the +4 chain mail of Foolhardiness (worn) {rF+ Regen+}
   (You found it on level 2 of the Dungeon)

   rF+:       It protects you from fire.
   Regen+:    It increases your rate of health regeneration.
 u - a +0 cloak (worn)
   (You found it on level 7 of the Dungeon)
Magical Staves
 i - a staff of alchemy {!a}
   (You found it on level 1 of the Dungeon)
 k - a staff of air {!a}
   (You found it on level 5 of the Dungeon)
Jewellery
 g - an amulet of regeneration
   (You found it on level 10 of the Dungeon)
 C - a ring of ice
   (You took it off Fannar on level 10 of the Dungeon)
 D - a +6 ring of dexterity
   (You found it on level 3 of the Dungeon)
 F - a ring of fire
   (You found it on level 9 of the Dungeon)
 G - an amulet of guardian spirit
   (You found it on level 7 of the Dungeon)
 L - a ring of flight
   (You found it on level 1 of the Dungeon)
 P - a ring of poison resistance
   (You found it on level 4 of the Dungeon)
 R - a ring of resist corrosion
   (You found it on level 6 of the Dungeon)
Wands
 s - a wand of charming (3)
   (You found it on level 8 of the Dungeon)
Scrolls
 r - a scroll of fear
 y - a scroll of teleportation {@r4}
 A - 2 scrolls of identify {@r1}
Potions
 b - 2 potions of haste {@q3}
 h - 2 potions of mutation {!q}
 m - a potion of resistance
 n - a potion of heal wounds {@q2}
 o - 2 potions of attraction {!q}
 t - 2 potions of brilliance
 v - a potion of magic
 x - a potion of curing {@q1}
 z - a potion of invisibility
 B - a potion of lignification {unknown}

Dungeon Overview and Level Annotations

Branches:
Dungeon (11/15) Zot: 26660  Temple (1/1) D:7 Zot: 5991    Lair (0/5) D:9
    Orc: D:9-12

Altars:
Ashenzari
Cheibriados
Dithmenos
Elyvilon
Fedhas
Gozag
Hepliaklqana
Kikubaaqudgha
Makhleb
Nemelex Xobeh
Okawaru
Qazlal
Ru
Sif Muna
Trog
Uskayaw
Vehumet
Wu Jian
Xom
Yredelemnul
Zin
The Shining One

Shops:
D:5 :

Annotations:
D:8 3 runed translucent doors, exclusion: door, Nico3ck's ghost, novice FoFi

.... ######### ....
#.......# #. #.......+
#. #.......# #.
#.......##############.
##......................
.......9........###...##
#@..##....# #...##
..###...##....###...##
.........##..........##
......."...............
#######################


You could see a gargoyle.


Message History

An acid dragon is nearby!
The acid dragon roars!
A gargoyle comes into view. It is wielding a +0 morningstar.
You hit the acid dragon with your +0 dagger.
You hit the acid dragon with your +0 long sword.
You hit the acid dragon but do no damage. x2
The acid dragon bites you but does no damage.
The acid dragon claws you but does no damage.
You hit the acid dragon but do no damage.
You hit the acid dragon with your +0 long sword.
The acid dragon barely misses you. The acid dragon claws you. 😕 HP[-5]
You take 5 damage, and now have 75/80 hp.
You barely miss the acid dragon with your +0 long sword.
You hit the acid dragon but do no damage.
You hit the acid dragon with your +0 dagger.
You closely miss the acid dragon with your +0 long sword.
The acid dragon spits acid at you. The splash of acid hits you!
The acid corrodes you! 😕 HP[-6]
You take 6 damage, and now have 69/80 hp.
You hit the acid dragon but do no damage. x2
The acid dragon closely misses you.
The acid dragon completely misses you. 😕 HP[+1]
You completely miss the acid dragon with your +0 long sword.
You barely miss the acid dragon with your +0 dagger.
You barely miss the acid dragon with your +0 dagger.
You hit the acid dragon with your +0 long sword.
The acid dragon misses you.
The acid dragon claws you but does no damage. 😕 HP[+1]
You hit the acid dragon but do no damage.
You closely miss the acid dragon with your +0 long sword.
The gargoyle hurls a stone arrow at you.
The stone arrow hits you! The acid dragon barely misses you.
The acid dragon claws you but does no damage. 😕 HP[-8]
You take 8 damage, and now have 63/80 hp.
Unknown command.
You hit the acid dragon with your +0 long sword.
You hit the acid dragon with your +0 dagger. 😕 HP[+1] Unknown command.
You closely miss the acid dragon with your +0 dagger.
You barely miss the acid dragon with your +0 long sword.
The acid dragon spits acid at you. The splash of acid hits you!! 😮 HP[-22]
You take 22 damage, and now have 42/80 hp.
MASSIVE DAMAGE!! (PAUSE)
You barely miss the acid dragon with your +0 dagger.
You slash the acid dragon with your +0 long sword! 😮 HP[+1] Unknown command.
You barely miss the acid dragon with your +0 long sword.
You hit the acid dragon but do no damage.
The gargoyle hits you with a +0 morningstar!
* * * LOW HITPOINT WARNING * * *
The acid dragon spits acid at you. The splash of acid hits you!
* * * LOW HITPOINT WARNING * * *
The acid corrodes you! 😱 HP[-29]
You take 29 damage, and now have 14/80 hp.
MASSIVE DAMAGE!! (PAUSE)
You hit the acid dragon but do no damage. x2
The gargoyle hurls a stone arrow at you.
The stone arrow misses you. The acid dragon bites you.
* * * LOW HITPOINT WARNING * * *
The acid dragon claws you.
* * * LOW HITPOINT WARNING * * *
😱 HP[-2]
You take 2 damage, and now have 12/80 hp.
You feel much better.
The gargoyle hits you with a +0 morningstar!
* * * LOW HITPOINT WARNING * * *
The acid dragon closely misses you.
The acid dragon claws you but does no damage. 😱 HP[+6]
You regained 6 hp, and now have 18/80 hp.
You gain the combat prowess of a mighty hero.
The gargoyle hurls a stone arrow at you.
The stone arrow hits you!
* * * LOW HITPOINT WARNING * * *
The acid dragon bites you.
* * * LOW HITPOINT WARNING * * *
The acid dragon claws you but does no damage. 😱 HP[-12] MP[-2]
You take 12 damage, and now have 6/80 hp.
You lost 2 mp, and now have 12/14 mp.
You barely miss the acid dragon with your +0 dagger.
You hit the acid dragon but do no damage. 😱 HP[+1]
You hit the acid dragon but do no damage.
You slash the acid dragon with your +0 long sword!
You kill the acid dragon!
Okawaru accepts your kill.
The gargoyle hurls a stone arrow at you.
The stone arrow hits you!!
You die...

Skill      XL: |  1  2  3  4  5  6  7  8  9 10 11 |
---------------+----------------------------------+-----
Long Blades    | 4 5 6 9 10 13 14 | 14.0
Armour         | 1 2 4 5 |  5.5
Fighting       | 3 5 |  5.6
Invocations    | 4 5 |  5.2
Dodging        | 3 |  3.5
Throwing       | |  1.7

Action                     |  1- 3 |  4- 6 |  7- 9 | 10-12 || total
---------------------------+-------+-------+-------+-------++-------
  Melee: Dagger            |    61 |   150 |   432 |   336 ||   979
         Long sword        |    69 |   171 |   455 |   360 ||  1055
  Throw: Stone             |       |       |       |     6 ||     6
 Invoke: Heroism           |       |       |     4 |     4 ||     8
    Use: Scroll            |     1 |     2 |     9 |     4 ||    16
         Potion            |       |     3 |     1 |     1 ||     5
 Armour: Leather armour    |    33 |       |       |       ||    33
         Chain mail        |    39 |   165 |   465 |   331 ||  1000
  Dodge: Dodged            |    36 |    93 |   241 |   138 ||   508

Levels and vault maps discovered:
D:1:      nagdon_arrival_zigzag_paths, layout_basic
D:2:      layout_loops_cross, basic_altar, kennysheep_generic_room_12,
          uniq_natasha
D:3:      layout_rooms, columned_hall_lemuel, uniq_sigmund
D:4:      layout_basic, minivault_24, nicolae_houndstooth_variations
D:5:      layout_rooms, nemelex_altar_shiori, nicolae_shop_self_help
D:6:      layout_rooms, lemuel_round_altar, dk_rats_in_the_wall
D:7:      layout_cave_pods, minmay_temple_entry_mist, nicolae_the_louvre
D:8:      layout_basic, gammafunk_temple_overflow_wave, gammafunk_ghost_split,
          hangedman_incinerator
D:9:      layout_rooms, dpeg_lair_monsters, nicolae_eternal_life,
          minmay_fire_ice_demons
D:10:     layout_rooms, overflow_temple_1_default,
          onia_ninara_dug_in_and_dangerous, uniq_fannar
D:11:     layout_stronghold, serial_shops, nicolae_shop_statue_plus
Temple:   sentei_temple_godly_chess

Notes
Turn   | Place    | Note
-------+----------+-------------------------------------------
     0 | D:1      | kae the Coglin Gladiator began the quest for the Orb.
     0 | D:1      | Reached XP level 1. HP: 16/16 MP: 1/1
     0 | D:1      | magus.rc [v1.11.3]
   393 | D:1      | Reached XP level 2. HP: 21/22 MP: 2/2
   841 | D:2      | Noticed Natasha
   851 | D:2      | Killed Natasha
   852 | D:2      | Reached skill level 4 in Long Blades
   852 | D:2      | Reached XP level 3. HP: 25/27 MP: 3/3
   858 | D:2      | Identified the +4 chain mail of Foolhardiness {rF+ Regen+}
   874 | D:2      | Found an iron altar of Okawaru.
  1051 | D:2      | You pick up a book of Geomancy and begin reading...
  1051 | D:2      | You add the spells Sandblast, Passwall, Stone Arrow and
                  | Brom's Barrelling Boulder to your library.
  1075 | D:2      | You pick up a book of Armaments and begin reading...
  1075 | D:2      | You add the spells Animate Armour and Lehudib's Crystal
                  | Spear to your library.
  1211 | D:2      | You pick up a book of Storms and begin reading...
  1211 | D:2      | You add the spells Static Discharge, Airstrike and Summon
                  | Lightning Spire to your library.
  1285 | D:2      | Reached XP level 4. HP: 33/33 MP: 4/4
  1335 | D:2      | Noticed Natasha
  1354 | D:2      | Killed Natasha
  1379 | D:2      | You pick up a book of Air and begin reading...
  1379 | D:2      | You add the spells Shock and Swiftness to your library.
  1406 | D:2      | You pick up a book of Displacement and begin reading...
  1406 | D:2      | You add the spells Lesser Beckoning, Gell's Gravitas and
                  | Teleport Other to your library.
  1521 | D:3      | Reached skill level 5 in Long Blades
  1521 | D:3      | Reached skill level 1 in Armour
  1524 | D:3      | Noticed Sigmund
  1540 | D:2      | Reached XP level 5. HP: 36/39 MP: 5/5
  1615 | D:3      | Killed Sigmund
  1616 | D:3      | Reached skill level 3 in Fighting
  1616 | D:3      | Reached skill level 2 in Armour
  1616 | D:3      | Reached XP level 6. HP: 45/47 MP: 6/6
  2281 | D:3      | HP: 8/48 [iguana (12)]
  2322 | D:4      | Reached XP level 7. HP: 34/53 MP: 7/7
  2470 | D:4      | Reached skill level 4 in Fighting
  2505 | D:4      | Reached skill level 6 in Long Blades
  2505 | D:4      | Reached skill level 3 in Armour
  2893 | D:5      | Entered Level 5 of the Dungeon
  2972 | D:5      | Noticed a steam dragon
  2986 | D:5      | Killed a steam dragon
  3063 | D:5      | Reached skill level 5 in Fighting
  3063 | D:5      | Reached skill level 4 in Armour
  3063 | D:5      | Reached XP level 8. HP: 62/62 MP: 8/8
  3072 | D:5      | Found Romm's Self-Improvement Boutique.
  3118 | D:5      | Found a sparkling altar of Nemelex Xobeh.
  3325 | D:5      | Identified a scroll of acquirement
  3325 | D:5      | Acquired a manual of Throwing
  3392 | D:5      | Reached skill level 7 in Long Blades
  3476 | D:6      | Reached skill level 5 in Armour
  3923 | D:6      | Found a bloodstained altar of Trog.
  3976 | D:7      | Found a staircase to the Ecumenical Temple.
  3983 | Temple   | Entered the Ecumenical Temple
  3987 | Temple   | Became a worshipper of Warmaster Okawaru
  4023 | D:7      | Reached skill level 8 in Long Blades
  4244 | D:7      | Reached skill level 9 in Long Blades
  4244 | D:7      | Reached XP level 9. HP: 63/68 MP: 9/9
  4259 | D:7      | Reached * piety under Okawaru
  4260 | D:7      | Reached skill level 1 in Invocations
  4333 | D:7      | Reached skill level 2 in Invocations
  4404 | D:7      | HP: 17/68 [killer bee (5)]
  4409 | D:7      | HP: 17/68 [poisoned by a killer bee]
  4988 | D:8      | Reached skill level 3 in Invocations
  5018 | D:8      | HP: 13/68 [gnoll sergeant/+0 spear (6)]
  5024 | D:8      | HP: 11/68 [gnoll/+0 club[a gnoll sergeant] (1)]
  5033 | D:8      | Reached skill level 10 in Long Blades
  5086 | D:8      | Found a runed translucent gate.
  5113 | D:8      | Found a runed translucent gate.
  5114 | D:8      | Found a runed translucent gate.
  5114 | D:8      | Noticed a gargoyle
  5118 | D:8      | Noticed Nico3ck's ghost (novice FoFi)
  5118 | D:8      | Noticed a cyclops
  5236 | D:8      | Reached skill level 4 in Invocations
  5274 | D:8      | Reached XP level 10. HP: 74/74 MP: 13/13
  5289 | D:8      | Reached ** piety under Okawaru
  5512 | D:8      | Found a shimmering blue altar of Sif Muna.
  5512 | D:8      | Found a hide-covered altar of Uskayaw.
  5692 | D:8      | You pick up a book of Sloth and begin reading...
  5692 | D:8      | You add the spells Frozen Ramparts, Leda's Liquefaction,
                  | Petrify and Metabolic Englaciation to your library.
  5763 | D:8      | Reached skill level 5 in Invocations
  6045 | D:8      | Reached skill level 11 in Long Blades
  6172 | D:9      | Found a staircase to the Lair.
  6249 | D:9      | Reached skill level 12 in Long Blades
  6254 | D:9      | Identified the +3 whip of Conscience {flame, rN+ SInv}
  6831 | D:10     | Entered Level 10 of the Dungeon
  6831 | D:10     | Found a blossoming altar of Fedhas.
  6864 | D:10     | Noticed Fannar
  6882 | D:10     | Killed Fannar
  6882 | D:10     | Reached *** piety under Okawaru
  6952 | D:10     | Reached skill level 13 in Long Blades
  7087 | D:10     | Killed an unseen horror
  7088 | D:10     | Reached XP level 11. HP: 76/79 MP: 14/14
  7190 | D:10     | Noticed a fire dragon
  7190 | D:10     | Noticed a six-headed hydra
  7191 | D:10     | Noticed a five-headed hydra
  7192 | D:10     | Noticed a cyclops
  7194 | D:10     | Noticed a seven-headed hydra
  7195 | D:10     | Noticed a cyclops
  7197 | D:10     | Noticed an occultist
  7280 | D:10     | Noticed a two-headed ogre
  7306 | D:10     | Killed a two-headed ogre
  7306 | D:10     | Reached **** piety under Okawaru
  7307 | D:10     | Reached skill level 14 in Long Blades
  7307 | D:10     | Reached skill level 3 in Dodging
  7528 | D:11     | Noticed a two-headed ogre
  7543 | D:11     | Killed a two-headed ogre
  7746 | D:11     | You pick up a book of Conjurations and begin reading...
  7746 | D:11     | You add the spells Magic Dart, Searing Ray and Fulminant
                  | Prism to your library.
  7784 | D:11     | HP: 14/80 [acid dragon/splash of acid (14)]
  7787 | D:11     | HP: 6/80 [acid dragon (2)]
  7789 | D:11     | Killed from afar by a gargoyle

Vanquished Creatures
  Fannar (D:10)
  2 two-headed ogres
  An unseen horror (D:10)
  A blink frog (D:9)
  Sigmund (D:3)
  5 yaks (D:10)
  A basilisk (D:9)
  A wyvern (D:9)
  4 fire bats (D:8)
  A fire elemental (D:8)
  2 steam dragons
  7 vampire mosquitoes
  An acid dragon (D:11)
  A hell hound (D:8)
  2 water moccasins
  A sky beast (D:7)
  3 orc warriors
  An ice beast (D:5)
  7 centaurs
  A kobold brigand (D:8)
  6 bullfrogs
  A gnoll sergeant (D:8)
  4 scorpions
  7 killer bees
  4 bombardier beetles
  5 crimson imps (D:9)
  2 howler monkeys (D:9)
  3 jellies
  4 orc priests
  A hound (D:7)
  A sleepcap (D:4)
  2 gnoll boudas (D:8)
  Natasha (twice) (D:2)
  6 iguanas
  4 orc wizards
  13 gnolls
  10 adders
  A shadow imp (D:6)
  4 white imps
  2 ribbon worms
  34 orcs
  8 ball pythons
  3 bats
  6 endoplasms
  2 giant cockroaches
  7 goblins
  7 hobgoblins
  10 jackals
  8 kobolds
  3 quokkas
  5 frilled lizards
  8 rats
227 creatures vanquished.

Table legend:
 A = Non-vault XP
 B = Vault XP
 C = Vault XP percentage of total XP
 D = Non-vault monster count
 E = Vault monster count
 F = Vault count percentage of total count
                 A         B        C        D         E       F
            +---------+---------+-------+---------+---------+-------
      Total |    9743 |    3198 |  24.7 |     203 |      24 |  10.6
            +---------+---------+-------+---------+---------+-------
        D:1 |      18 |       0 |   0.0 |      11 |       0 |   0.0
        D:2 |      92 |      37 |  28.7 |      27 |       2 |   6.9
        D:3 |     144 |     223 |  60.8 |      27 |       1 |   3.6
        D:4 |     377 |       0 |   0.0 |      30 |       0 |   0.0
        D:5 |     644 |       0 |   0.0 |      14 |       0 |   0.0
        D:6 |     386 |       0 |   0.0 |      12 |       0 |   0.0
        D:7 |    1197 |       0 |   0.0 |      19 |       0 |   0.0
        D:8 |    1059 |    1116 |  51.3 |      32 |       6 |  15.8
        D:9 |     852 |     946 |  52.6 |       9 |      14 |  60.9
       D:10 |    2931 |     876 |  23.0 |      13 |       1 |   7.1
       D:11 |    2043 |       0 |   0.0 |       9 |       0 |   0.0
            +---------+---------+-------+---------+---------+-------

Skill      XL: |  1  2  3  4  5  6  7  8  9 10 11 |
---------------+----------------------------------+-----
Long Blades    | 4 5 6 9 10 13 14 | 14.0
Armour         | 1 2 4 5 |  5.5
Fighting       | 3 5 |  5.6
Invocations    | 4 5 |  5.2
Dodging        | 3 |  3.5
Throwing       | |  1.7

Action                     |  1- 3 |  4- 6 |  7- 9 | 10-12 || total
---------------------------+-------+-------+-------+-------++-------
  Melee: Dagger            |    61 |   150 |   432 |   336 ||   979
         Long sword        |    69 |   171 |   455 |   360 ||  1055
  Throw: Stone             |       |       |       |     6 ||     6
 Invoke: Heroism           |       |       |     4 |     4 ||     8
    Use: Scroll            |     1 |     2 |     9 |     4 ||    16
         Potion            |       |     3 |     1 |     1 ||     5
 Armour: Leather armour    |    33 |       |       |       ||    33
         Chain mail        |    39 |   165 |   465 |   331 ||  1000
  Dodge: Dodged            |    36 |    93 |   241 |   138 ||   508

Illustrated notes

Table legend:
 A = Kills in this place as a percentage of kills in the entire game.
 B = Kills by you in this place as a percentage of kills by you in the entire game.
 C = Kills by friends in this place as a percentage of kills by friends in the entire game.
 D = Other kills in this place as a percentage of other kills in the entire game.
 E = Experience gained in this place as a percentage of experience gained in the entire game.
 F = Experience gained in this place divided by the number of levels of this place that you have seen.
                   A       B       C       D       E      F
               +-------+-------+-------+-------+-------+----------------------
         Total | 100.0 | 100.0 |   N/A |   N/A | 100.0 | 1078.4
       Dungeon | 100.0 | 100.0 |   N/A |   N/A | 100.0 | 1176.5
               +-------+-------+-------+-------+-------+----------------------

Table legend: (Time is in decaauts)
 A = Elapsed time spent in this place.
 B = Non-inter-level travel time spent in this place.
 C = Inter-level travel time spent in this place.
 D = Time resting spent in this place.
 E = Time spent auto-exploring this place.
 F = Levels seen in this place.
 G = Mean time per level.
                   A        B        C        D        E       F      G
               +--------+--------+--------+--------+--------+-----+--------+
         Total |   7623 |   7230 |    393 |    310 |   5189 |  12 |  635.2 |
       Dungeon |   7614 |   7225 |    389 |    310 |   5189 |  11 |  692.2 |
        Temple |      8 |      4 |      4 |      0 |      0 |   1 |    8.0 |
               +--------+--------+--------+--------+--------+-----+--------+

Top non-repeatable levels by time:
     D:8: 1239 daAuts
     D:7: 900 daAuts
     D:1: 834 daAuts
     D:4: 788 daAuts
     D:2: 707 daAuts
     D:9: 612 daAuts
     D:3: 572 daAuts
     D:6: 566 daAuts
    D:10: 547 daAuts
     D:5: 508 daAuts
    D:11: 338 daAuts
  Temple: 8 daAuts
